Map: Вечная империя РВ

Players

ИИ 1 (знаток)

  • Race: Terran Terran
  • Spawn Location: 7:00

Doll - Winner!

  • Race: Zerg Zerg
  • Spawn Location: 1:00

VOD

Have the link to the VOD?

Description

Time

  • Played on: March 6, 2021, 10:07 a.m.
  • Length: 9:32
Show
View Real Time Build Order
Export as new Build Order

ИИ 1 (знаток) Terran 

Build Orders:  

Get SALT Encoding   

  12  0:00  SCV  
  13  0:13  SCV  
  14  0:18  Supply Depot  
  14  0:25  SCV  
  15  0:40  SCV  
  16  0:43  Barracks  
  16  0:52  SCV  
  17  1:04  SCV  
  18  1:17  Command Center  
  18  1:30  Marine, Orbital Command  
  19  1:38  Supply Depot  
  19  1:46  Refinery  
  19  1:47  Marine  
  20  1:55  SCV  
  21  2:02  Barracks  
  21  2:08  SCV, Refinery  
  22  2:20  SCV, Barracks Tech Lab  
  23  2:33  SCV  
  24  2:38  Marine  
  25  2:45  SCV  
  25  2:48  Marine  
  25  2:50  Refinery  
  27  2:51  SCV  
  27  2:58  SCV, Marine  
  29  3:04  SCV  
  28  3:07  Barracks Tech Lab  
  28  3:10  SCV  
  28  3:16  SCV, Marauder  
  31  3:22  SCV  
  31  3:26  Marine  
  33  3:27  Factory  
  33  3:28  SCV  
  34  3:36  Factory  
  34  3:38  Marauder  
  36  3:44  Marine  
  37  4:02  Marine  
  38  4:10  Factory Tech Lab, Refinery  
  38  4:11  Marine  
  38  4:15  Starport  
  38  4:16  Supply Depot  
  39  4:18  Starport  
  39  4:20  Factory Tech Lab  
  39  4:21  Marine  
  40  4:31  Marauder  
  42  4:39  SCV  
  42  4:40  Reaper  
  44  4:47  Supply Depot  
  44  4:48  SCV  
  44  4:52  Ghost Academy, Medivac  
  47  4:55  Starport Tech Lab  
  47  4:58  SCV  
  48  5:02  SCV  
  49  5:09  Stimpack  
  49  5:10  SCV  
  51  5:14  SCV  
  51  5:18  Combat Shield  
  51  5:20  Ghost  
  53  5:22  SCV, Starport Tech Lab  
  53  5:26  SCV  
  55  5:32  Supply Depot  
  55  5:34  SCV  
  56  5:36  Engineering Bay  
  56  5:40  SCV  
  57  5:46  SCV  
  58  5:50  Marine  
  58  5:52  SCV  
  60  5:58  SCV  
  60  5:59  Marine  
  60  6:03  Supply Depot, Terran Infantry Weapons Level 1  
  62  6:04  SCV  
  62  6:09  Marine  
  62  6:10  SCV  
  65  6:17  SCV  
  65  6:18  Marine  
  67  6:25  SCV  
  68  6:26  Supply Depot  
  68  6:27  Marine  
  68  6:29  SCV  
  70  6:36  Marine  
  70  6:37  SCV, Concussive Shells  
  72  6:46  Marauder  
  74  6:48  SCV, Medivac  
  74  6:50  Supply Depot  
  77  6:56  Marauder  
  77  6:59  Missile Turret  
  77  7:01  Missile Turret  
  79  7:05  SCV x2, Missile Turret  
  79  7:08  Marauder  
  83  7:11  Medivac, Missile Turret  
  83  7:13  Supply Depot  
  85  7:17  SCV, Marauder  
  85  7:18  Raven  
  85  7:19  Sensor Tower  
  85  7:20  Bunker  
  90  7:25  Armory  
  90  7:29  Reaper  
  91  7:32  Barracks  
  91  7:35  Bunker  
  91  7:37  Ghost  
  91  7:40  Supply Depot  
  91  7:41  Raven  
  94  7:46  SCV  
  94  7:49  Hellion  
  70  8:00  Hellion  
  70  8:01  Marine, Viking  
  64  8:06  Marine  
  62  8:18  Marine  
  46  8:20  Barracks Reactor  
  42  8:29  Marine  
  35  8:36  Marine  
  31  8:46  Marine  
  26  8:50  SCV  
  26  8:54  Marine  
  19  8:56  Marine  
  16  9:03  SCV  
Show
View Real Time Build Order
Export as new Build Order

Doll Zerg - Winner!

Build Orders: Hatch First 

Get SALT Encoding   

  12  0:00  Drone  
  13  0:13  Overlord  
  13  0:18  Drone  
  14  0:31  Drone x2  
  14  0:35  Drone  
  17  0:55  Hatchery  
  16  0:57  Drone  
  16  1:00  Drone  
  18  1:04  Extractor  
  17  1:17  Spawning Pool  
  16  1:20  Drone  
  16  1:25  Drone  
  18  1:31  Overlord  
  19  1:40  Drone  
  19  2:03  Zergling x2  
  19  2:04  Queen, Zergling x2  
  19  2:08  Queen  
  23  2:10  Drone  
  23  2:14  Drone, Extractor  
  26  2:19  Drone  
  27  2:24  Drone  
  28  2:30  Drone  
  29  2:41  Lair  
  29  2:53  Drone  
  29  2:55  Drone  
  30  3:00  Hatchery  
  30  3:03  Drone  
  30  3:07  Drone  
  30  3:10  Drone  
  30  3:12  Drone  
  33  3:18  Overlord  
  32  3:23  Drone  
  32  3:24  Drone  
  34  3:27  Drone  
  34  3:32  Zergling x2  
  36  3:39  Roach Warren  
  35  3:42  Zergling x2  
  35  3:44  Overlord  
  35  3:48  Zergling x2  
  37  3:52  Drone  
  37  3:53  Drone  
  39  4:02  Hydralisk Den  
  38  4:03  Drone x2  
  38  4:04  Drone  
  38  4:05  Drone  
  42  4:12  Drone  
  42  4:13  Drone  
  42  4:15  Overlord  
  44  4:20  Roach  
  44  4:22  Roach  
  48  4:24  Roach  
  48  4:27  Roach  
  48  4:31  Overlord  
  52  4:35  Roach  
  52  4:37  Hydralisk  
  56  4:41  Hydralisk  
  56  4:44  Hydralisk  
  60  4:47  Drone  
  60  4:48  Drone  
  60  4:51  Overlord  
  62  4:53  Drone  
  62  4:55  Drone  
  62  4:58  Glial Reconstitution  
  64  5:02  Drone x2  
  64  5:05  Hydralisk  
  68  5:09  Hydralisk  
  68  5:12  Hydralisk  
  72  5:15  Overlord  
  72  5:18  Metabolic Boost  
  72  5:20  Drone  
  73  5:22  Drone  
  73  5:25  Extractor  
  73  5:26  Extractor  
  73  5:27  Hydralisk  
  74  5:29  Roach  
  74  5:34  Drone  
  74  5:35  Infestation Pit  
  76  5:39  Drone  
  76  5:40  Drone  
  76  5:41  Zergling x2  
  76  5:42  Baneling Nest  
  78  5:44  Roach  
  78  5:46  Roach  
  78  5:48  Ravager  
  83  5:53  Ravager  
  83  5:54  Overlord  
  83  5:56  Drone x2  
  87  5:57  Drone x2  
  87  5:59  Zergling x2  
  87  6:03  Overlord  
  89  6:05  Overseer  
  89  6:08  Overseer  
  89  6:13  Hydralisk  
  89  6:15  Zergling x4  
  89  6:16  Zergling x2  
  89  6:17  Zergling x2  
  95  6:18  Drone  
  95  6:19  Drone  
  95  6:22  Overlord  
  97  6:26  Baneling  
  97  6:27  Baneling x3  
  97  6:28  Baneling x3  
  97  6:30  Baneling  
  97  6:33  Drone x2  
  97  6:34  Drone  
  97  6:38  Hydralisk  
  102  6:41  Zergling x2  
  102  6:42  Zergling x2  
  102  6:44  Ravager  
  105  6:51  Hydralisk x2  
  105  6:52  Overlord  
Tags
 
Add a new tag
Caveats
  • Supply blocks, unpowered buildings, or Contaminate may cause inaccurate times.
  • Supply counts are checked every 10 seconds.